Cogmind - Beta 16 @@@ ROGUE MODE // 2025.10.22 @ 18:45:19 Player: shapeshifter Result: Destroyed by AG-01265 with Assembled Focal Cannon Performance ------------- Evolutions (4) 2000 Regions Visited (16) 3200 Robots Destroyed (187) 935 Value Destroyed (5377) 5377 Prototype IDs (54) 1080 Alien Tech Used (0) 0 Bonus (2434) 2434 TOTAL SCORE: 15026 Bonus ------- High Alert Combat Kills 54 Follower Combat Kills 1249 Aligned with FarCom 300 Met Imprinter 300 Destroyed Z-Imprinter 1000 Friendly Fire -469 Cogmind --------- Core Integrity 0/850 Matter 39/300 Energy 96/100 System Corruption 0% Temperature Cool (6) Movement Walking (203) Ox1 Location -6/Deep Caves Parts ------- > --- POWER (2) -------- Zionite Light DM Reactor > --- PROPULSION (4) --- Zionite Composite Leg I Zionite Composite Leg I Advanced Myomer Leg > --- UTILITY (6) ------ Experimental Heat Sink Huge Storage Unit Core Analyzer Graphene Brace > --- WEAPON (3) ------- Zionite Phaser-S 8R-AWN's Boregun > --- INVENTORY (25) --- Zionite Light DM Reactor Zionite Glidesys I Combat Antigrav System Coolant Injector Zionite Biocell Gravity Neutralizer Surveybot 24 Scanner Surveybot 24 Chip 0b10 Decoder Chip [Scout] Phase Shifter Makeshift Cloaking Device Zionite Weapon Casing Zionite Light Carapace High-powered Tractor Beam Thief Drone Bay (2/3) Hacking Drone Bay (1/1) Phasing AFG 8R-AWN's Boregun Advanced EMP Blaster Precision Grenade Launcher Rocket Array Remote Datajack CR-A16's Pointy Stick Peak State ------------ > --- POWER ------------ Zionite Light DM Reactor > --- PROPULSION ------- Zionite Composite Leg I Zionite Composite Leg I Advanced Myomer Leg Advanced Myomer Leg > --- UTILITY ---------- Huge Storage Unit Core Analyzer Zionite Weapon Casing Zionite Light Carapace Graphene Brace Phasing AFG > --- WEAPON ----------- Zionite Phaser-S Zionite Phaser-S 8R-AWN's Boregun > --- INVENTORY -------- Zionite Light DM Reactor Zionite Light DM Reactor Zionite Glidesys I Zionite Glidesys I Combat Antigrav System Experimental Heat Sink Coolant Injector Zionite Biocell Gravity Neutralizer 0b10 Decoder Chip [Scout] Phase Shifter Phase Shifter Makeshift Cloaking Device Zionite Weapon Casing Zionite Light Carapace High-powered Tractor Beam Thief Drone Bay Hacking Drone Bay AS-neutralizer No. 17b 8R-AWN's Boregun Advanced EMP Blaster Precision Grenade Launcher Rocket Array Remote Datajack CR-A16's Pointy Stick [Rating: 111] Favorites ----------- Power Cold Fusion Reactor Engine Improved Ion Engine Power Core Enhanced Nuclear Core Reactor Cold Fusion Reactor Propulsion Light Treads Treads Light Treads Leg Advanced Myomer Leg Hover Unit Zionite Glidesys I Utility Huge Storage Unit Device Graphene Brace Storage Huge Storage Unit Processor Improved Signal Interpreter Hackware Hacking Suite Protection Hardened Medium Armor Plating Weapon Enhanced Autogun Energy Gun Zionite Phaser-S Energy Cannon Heavy Particle Cannon Ballistic Gun Enhanced Autogun Ballistic Cannon Gauss Cannon Launcher Advanced EMP Blaster Special Weapon RU-N14's Throwing Claymores Piercing Weapon CR-A16's Pointy Stick Build | -11 -10 -10 -9 -9 -9 -8 -8 -7 -7 -7 -7 -6 -6 -6 -6 -6 ------- Run | Yrd Mat Min Mat Min Exi Min Mat Fac Was Fac Sto Fac Low Low Zio Dee Slots Evolved 8 | . . . 2 . . . 2 2 . . . 2 . . . . Power 1 | . . . . . . . . . . . . 1 . . . . Propulsion 2 | . . . . . . . 1 1 . . . . . . . . Utility 4 | . . . 1 . . . 1 1 . . . 1 . . . . Weapon 1 | . . . 1 . . . . . . . . . . . . . Parts Attached 125 | 7 6 4 12 4 8 . 21 8 9 1 4 9 3 1 10 18 Power 13 | 1 1 1 1 . 1 . . . 1 1 . 2 1 . . 3 Engine 4 | 1 1 1 1 . . . . . . . . . . . . . Core 2 | . . . . . . . . . 1 1 . . . . . . Reactor 7 | . . . . . 1 . . . . . . 2 1 . . 3 Propulsion 26 | 2 2 . 2 2 1 . 8 . 3 . . 2 1 . . 3 Treads 19 | 2 2 . 2 2 . . 5 . 3 . . 2 1 . . . Leg 5 | . . . . . 1 . 2 . . . . . . . . 2 Wheel . | . . . . . . . . . . . . . . . . . Hover 2 | . . . . . . . 1 . . . . . . . . 1 Flight . | . . . . . . . . . . . . . . . . . Utility 42 | 2 2 2 2 2 2 . 5 8 1 . 1 3 1 1 3 7 Device 20 | 1 . 2 . . . . 4 5 1 . 1 1 . . 2 3 Storage 6 | 1 2 . . 1 1 . . 1 . . . . . . . . Processor 3 | . . . . . . . . . . . . 2 . . 1 . Hackware 2 | . . . . . . . . 2 . . . . . . . . Protection 11 | . . . 2 1 1 . 1 . . . . . 1 1 . 4 Artifact . | . . . . . . . . . . . . . . . . . Weapon 44 | 2 1 1 7 . 4 . 8 . 4 . 3 2 . . 7 5 Energy Gun 9 | 1 . . 1 . . . 2 . . . . . . . . 5 Energy Cannon 2 | . . . . . . . 1 . 1 . . . . . . . Ballistic Gun 22 | 1 1 1 6 . 3 . 4 . 1 . 3 2 . . . . Ballistic Cannon 1 | . . . . . . . . . 1 . . . . . . . Launcher 4 | . . . . . 1 . 1 . . . . . . . 2 . Special Weapon 5 | . . . . . . . . . 1 . . . . . 4 . Impact Weapon . | . . . . . . . . . . . . . . . . . Slashing Weapon . | . . . . . . . . . . . . . . . . . Piercing Weapon 1 | . . . . . . . . . . . . . . . 1 . Special Melee Weapon . | . . . . . . . . . . . . . . . . . Unidentified Prototypes 25 | . . 1 1 . 3 . 2 4 . 1 1 . . . 5 7 Parts Lost 32 | . . 1 4 . . . 5 . 5 . . 2 . . . 15 Power 4 | . . 1 . . . . . . 1 . . . . . . 2 Propulsion 5 | . . . 1 . . . 1 . . . . . . . . 3 Utility 12 | . . . 1 . . . 1 . 2 . . . . . . 8 Weapon 11 | . . . 2 . . . 3 . 2 . . 2 . . . 2 Highest Loss Streak 9 | . . 1 2 . . . 4 . 5 . . 1 . . . 9 To Critical Strikes . | . . . . . . . . . . . . . . . . . Average Backups 19 | 2 8 11 13 13 19 23 22 21 20 20 20 20 21 21 22 23 Power 1 | 1 1 1 . . 1 1 1 1 2 2 2 1 2 3 1 . Propulsion 4 | . 1 2 2 3 4 6 6 7 7 6 6 5 4 4 3 2 Utility 7 | . 2 3 6 5 6 10 8 6 5 5 6 8 10 9 9 13 Weapon 4 | . 2 4 3 3 5 4 4 6 4 5 4 3 3 2 7 5 Tool/Special . | . . . . . . . . . . . . . . . . . Unused Backups 39 | . . . 2 . 6 . 3 . 5 1 2 1 . 1 5 13 Power 7 | . . . . . 3 . . . . 1 . . . . 2 1 Propulsion 9 | . . . . . 1 . . . 5 . . . . . 1 2 Utility 16 | . . . 1 . 2 . 2 . . . . . . 1 2 8 Weapon 5 | . . . 1 . . . . . . . 2 1 . . . 1 Tool/Special 2 | . . . . . . . 1 . . . . . . . . 1 Average Slot Usage (%) 90 | . 99 99 98 99 84 100 95 99 82 83 84 85 85 85 85 88 Engine 3 | . 14 13 11 11 9 . . . . . . . . . . . Core 1 | . . . . . . . . . 6 6 7 5 . . . . Reactor 6 | . . . . . 1 11 9 7 . . . 6 13 13 13 8 Treads 17 | . 27 28 21 22 22 22 19 30 16 15 15 12 13 13 13 4 Leg 1 | . . . . . . . 6 . . . . . . . . 15 Device 11 | . 14 14 11 13 6 . 13 20 20 23 23 19 13 10 6 13 Storage 8 | . 14 14 11 11 11 11 9 7 7 7 7 6 6 6 6 6 Processor 3 | . . . . . . . . . . . . 6 12 6 11 7 Hackware 2 | . . . . . . . . 2 7 7 7 6 6 6 1 . Protection 8 | . . . 10 8 15 22 10 7 . . . . . 8 13 10 Energy Gun 1 | . 4 . . . . . 3 . . . . . . . . 8 Ballistic Gun 21 | . 23 28 32 32 18 33 22 23 18 23 23 20 19 20 16 8 Peak Build Rating 111 | 7 8 17 18 18 44 37 58 60 90 85 83 94 91 86 92 111 Average Rating 58 | 4 7 10 14 16 24 37 49 55 82 84 81 92 86 84 87 97 On Entrance 48 | . 7 8 11 17 13 37 37 51 56 84 83 82 91 85 82 88 Avg Prop Armor Cover (%) . | . . . . . . . . . . . . . . . . . Naked Turns . | . . . . . . . . . . . . . . . . . Heaviest Build 138 | 11 27 27 45 45 120 117 117 116 124 115 107 125 127 133 138 138 Greatest Support 140 | 40 40 40 40 40 40 40 75 80 140 140 140 140 140 140 140 140 Greatest Overweight (x) 2 | . . . 1 1 2 2 2 1 1 . . 1 . . . 1 Average Overweight (x) . | . . . . . 1 2 1 1 . . . . . . . . Largest Inventory Capacity 25 | 8 15 15 15 15 25 25 25 25 25 25 25 25 25 25 25 25 Average Capacity 22 | 7 11 15 15 15 21 25 25 25 25 25 25 25 25 25 25 25 Most Carried 25 | 5 12 12 15 15 25 25 25 25 25 25 25 25 24 24 25 25 Average Carried 20 | 2 8 11 13 13 20 25 24 23 24 24 24 24 23 21 22 23 Final Capacity 25 | 8 15 15 15 15 25 25 25 25 25 25 25 25 25 25 25 25 Final Carried 25 | 2 10 12 13 15 25 25 25 25 24 25 24 23 23 20 25 23 Class Distribution -------------------- 44% | Scavenger-Tank 33% | Tank 16% | Mutant Dominant Class ---------------- Mutant | -10/Materials Mutant | -10/Mines Tank | -9/Materials Tank | -9/Mines Mutant | -9/Exiles Scavenger-Tank | -8/Mines Scavenger-Tank | -8/Materials Scavenger-Tank | -7/Factory Scavenger-Tank | -7/Waste Scavenger-Tank | -7/Factory Tank | -7/Storage Scavenger-Tank | -6/Factory Scavenger-Skirmisher | -6/Lower Caves Scavenger-Tank | -6/Lower Caves Tank | -6/Zion Tank | -6/Deep Caves Resources | -11 -10 -10 -9 -9 -9 -8 -8 -7 -7 -7 -7 -6 -6 -6 -6 -6 ----------- Run | Yrd Mat Min Mat Min Exi Min Mat Fac Was Fac Sto Fac Low Low Zio Dee Matter Collected 7324 | 274 303 103 651 53 1244 211 915 114 675 102 344 1248 156 378 186 367 Remotely . | . . . . . . . . . . . . . . . . . Salvage Created 8834 | 42 438 87 1163 66 472 398 1323 346 1180 28 431 1582 253 506 25 494 Parts 472 | 2 28 11 64 7 70 30 63 19 18 1 29 81 . 16 3 30 Haulers Intercepted 9 | . 2 . 2 . . . 3 . . . 2 . . . . . Recyclers Shooed 5 | . . . . . . 1 1 . . . 1 . 2 . . . Parts Field Recycled . | . . . . . . . . . . . . . . . . . Retrieved Matter . | . . . . . . . . . . . . . . . . . Parts Self-Destructed 23 | . . . . . . . . . . . . . . 23 . . Prevented . | . . . . . . . . . . . . . . . . . Parts Restored . | . . . . . . . . . . . . . . . . . Kills | -11 -10 -10 -9 -9 -9 -8 -8 -7 -7 -7 -7 -6 -6 -6 -6 -6 ------- Run | Yrd Mat Min Mat Min Exi Min Mat Fac Was Fac Sto Fac Low Low Zio Dee Combat Hostiles Destroyed 127 | . 10 6 17 2 6 12 17 5 5 1 5 25 . 8 . 8 Guns 116 | . 10 6 17 2 . 12 17 5 3 1 5 25 . 8 . 5 Cannons 1 | . . . . . . . . . . . . . . . . 1 AOE 8 | . . . . . 6 . . . . . . . . . . 2 Classes Destroyed 21 | 1 5 . 4 . 3 1 2 . 1 . 1 . . . 1 2 Worker 11 | . . . 3 1 . . 3 . . . 2 2 . . . . Builder 5 | . . . 2 . . 1 1 . . . . 1 . . . . Tunneler 4 | 2 . . . . . 1 1 . . . . . . . . . Hauler 9 | . 2 . 2 . . . 3 . . . 2 . . . . . Recycler 3 | . . . 1 . . 1 1 . . . . . . . . . Operator 5 | . 1 . 2 . . . . 1 . . . 1 . . . . Drone 1 | . . . . . . . . . . . . . . . . 1 Turret 1 | . . . . . 1 . . . . . . . . . . . Watcher 11 | . 2 . 2 . . . 4 1 . . . 2 . . . . Swarmer 30 | . 5 6 . 2 . 9 . . . 1 . 7 . . . . Grunt 52 | . 5 . 13 . . 2 7 5 . . 1 13 . 6 . . Brawler 3 | . . . . . . . 1 . . . . . . 2 . . Duelist 2 | . . . . . . 1 1 . . . . . . . . . Sentry 14 | . . . 4 . . . 6 . . . 2 2 . . . . Hunter 2 | . . . . . . . 2 . . . . . . . . . Programmer 5 | . . . . . . . . . . . 2 3 . . . . Compactor 5 | . . . . . . . . . 5 . . . . . . . Zionite 13 | . . . . . 8 . . . . . . . . . 5 . Z-Light 7 | . . . . . . . . . . . . . . . . 7 Packrat 3 | . . . . . . . . . . . . . 3 . . . Assembled 6 | . . . . . 6 . . . . . . . . . . . Surgeon 1 | . . . . . . . . . . . . . . . 1 . Wasp 1 | . . . . . . . . . . . 1 . . . . . Best Kill Streak 6 | 1 2 3 4 3 6 4 5 4 1 1 2 5 . 4 4 4 Combat Bots Only 6 | . 2 3 3 2 6 3 5 3 1 1 2 5 . 4 . 4 Max Kills in Single Turn 4 | 1 1 1 2 1 4 1 2 1 1 1 2 2 1 1 3 1 Gunslinging . | . . . . . . . . . . . . . . . . . Exploded 4 | . . . . . 4 . . . . . . . . . . 1 Melee . | . . . . . . . . . . . . . . . . . Uniques/NPCs Destroyed 5 | . . . . . 4 . . . . . . . . . . 1 8R-AWN (-9/Exiles) EX-HEX (-9/Exiles) EX-BIN (-9/Exiles) EX-DEC (-9/Exiles) Z-Imprinter (-6/Deep Caves) Combat | -11 -10 -10 -9 -9 -9 -8 -8 -7 -7 -7 -7 -6 -6 -6 -6 -6 -------- Run | Yrd Mat Min Mat Min Exi Min Mat Fac Was Fac Sto Fac Low Low Zio Dee Hostile Shots Fired 774 | . 59 12 111 7 11 41 127 12 3 . 75 146 . 39 4 127 Missed 223 | . 16 1 29 4 2 12 31 3 1 . 28 55 . 12 1 28 Hits 551 | . 43 11 82 3 9 29 96 9 2 . 47 91 . 27 3 99 Melee 10 | . . . . . 1 . . . 2 . . . . 7 . . Projectile 541 | . 43 11 82 3 8 29 96 9 . . 47 91 . 20 3 99 AOE 6 | . . . . 2 . . . . . . 2 . . . 2 . Critical Strikes 18 | . . . 4 . 1 . 7 . . . 2 3 . 1 . . Actively Blocked 4 | . . . . . . . . . . . 1 3 . . . . Part Disruptions 2 | . . . . . . . . . . . 1 1 . . . . Damage Taken 10171 | . 447 88 1177 90 286 290 1405 141 300 . 608 1381 . 415 163 3380 Core 1363 | . 68 . 114 8 29 15 195 . 48 . 17 198 . 27 . 644 Absorbed by Shields . | . . . . . . . . . . . . . . . . . Redirected to Shielding 346 | . . . . . . . . . . . . . . . . 346 Regen/Repaired (Parts) 99 | . . . . . . . . . . . 11 . . . 88 . Core Remaining (%) 66 | 100 . 72 . . . 58 64 . . . 40 . . . . . Volleys Fired 637 | 8 52 11 75 5 79 22 87 18 42 2 22 103 5 29 16 61 Largest 3 | 2 2 2 3 3 3 3 3 3 3 3 3 3 3 3 3 2 Hottest 158 | 60 60 44 69 69 69 69 158 84 100 84 84 78 78 78 53 90 Shots Fired 1464 | 16 104 22 216 15 99 66 228 54 81 6 64 306 15 87 18 67 Gun 1391 | 16 104 22 216 15 69 66 228 54 60 6 64 306 15 87 2 61 Cannon 20 | . . . . . . . . . 20 . . . . . . . Launcher 38 | . . . . . 30 . . . . . . . . . 8 . Special 15 | . . . . . . . . . 1 . . . . . 8 6 Kinetic 1334 | 8 92 22 216 15 69 66 184 54 73 6 64 306 15 87 2 55 Thermal 77 | 8 12 . . . . . 44 . 7 . . . . . . 6 Explosive 44 | . . . . . 30 . . . . . . . . . 8 6 Electromagnetic 8 | . . . . . . . . . . . . . . . 8 . Robot Hit Streak 18 | 7 6 18 14 3 4 7 13 15 12 4 7 12 10 14 7 5 Robot Miss Streak 7 | 2 2 1 3 2 4 4 4 2 2 1 3 5 . 7 . 6 Penetration Max 1 | . . . . . 1 . 1 1 . 1 1 1 1 1 . 1 Secondary Targets 20 | . . . 2 . . 1 6 2 . . 1 4 . 4 . . Max Gunslinging Chain 1 | . . . 1 . . 1 1 1 . . 1 1 . 1 . . Shots Hit Robots 863 | 13 59 16 151 7 34 32 140 32 53 2 39 189 9 47 7 33 Core Hits 403 | 4 27 9 64 4 44 20 53 13 12 2 18 73 6 23 8 23 Critical Kills 21 | . 1 . 1 . 4 . . 2 3 . 1 2 . 1 . 6 Critical Parts Destroyed 20 | . . . 1 1 8 . 4 . . . . 2 . . . 4 Critical Strikes 50 | . 1 . 2 1 12 . 6 2 4 . 1 4 . 1 1 15 Burn 2 | . . . . . . . 2 . . . . . . . . . Meltdown 2 | . . . . . . . . . 2 . . . . . . . Destroy 44 | . 1 . 2 1 12 . 4 2 2 . 1 4 . 1 . 14 Sever 2 | . . . . . . . . . . . . . . . 1 1 Melee Attacks 1 | . . . . . . . . . . . . . . . 1 . Impact . | . . . . . . . . . . . . . . . . . Slashing . | . . . . . . . . . . . . . . . . . Piercing 1 | . . . . . . . . . . . . . . . 1 . Sneak Attacks . | . . . . . . . . . . . . . . . . . Combat Hostiles . | . . . . . . . . . . . . . . . . . Follow-up Attacks . | . . . . . . . . . . . . . . . . . Damage Inflicted 17666 | 122 630 223 1656 107 1197 526 2500 614 2131 91 850 3462 248 937 1040 1332 Guns 14248 | 122 630 223 1656 107 600 526 2500 614 921 91 843 3462 248 937 37 731 Cannons 816 | . . . . . . . . . 816 . . . . . . . Explosions 2304 | . . . . . 597 . . . 394 . . . . . 824 489 Melee . | . . . . . . . . . . . . . . . . . Ramming 7 | . . . . . . . . . . . 7 . . . . . Kinetic 13478 | 54 532 223 1656 107 600 526 2040 614 921 91 843 3462 248 937 37 587 Thermal 1980 | 68 98 . . . . . 460 . 1210 . . . . . . 144 Explosive 1880 | . . . . . 597 . . . . . . . . . 794 489 Electromagnetic 30 | . . . . . . . . . . . . . . . 30 . Impact . | . . . . . . . . . . . . . . . . . Slashing 291 | . . . . . . . . . . . . . . . 179 112 Piercing . | . . . . . . . . . . . . . . . . . Highest Corruption 2 | . . . 1 1 1 1 . . . . 2 . . . . . Average Corruption 1 | . . . 1 1 1 1 . . . . 2 . . . . . Corruption Purged . | . . . . . . . . . . . . . . . . . Corruption Blocked . | . . . . . . . . . . . . . . . . . Effects 44 | . . . 6 3 15 11 . . . . 9 . . . . . Message Errors 7 | . . . 2 . 2 2 . . . . 1 . . . . . Matter Fused 11 | . . . 1 1 1 2 . . . . 6 . . . . . Heat Flow Errors 6 | . . . . . 2 4 . . . . . . . . . . Energy Discharges 4 | . . . . 2 2 . . . . . . . . . . . Parts Fused 1 | . . . 1 . . . . . . . . . . . . . Data Loss (minor) 7 | . . . 1 . 3 2 . . . . 1 . . . . . Data Loss (major) 2 | . . . 1 . . 1 . . . . . . . . . . Misfires 5 | . . . . . 4 . . . . . 1 . . . . . Alerts 1 | . . . . . 1 . . . . . . . . . . . Overload Shots . | . . . . . . . . . . . . . . . . . Overflow Damage 166 | . . . . . 35 . . . 76 . . . . . 55 . Projectiles 76 | . . . . . . . . . 76 . . . . . . . Explosions 90 | . . . . . 35 . . . . . . . . . 55 . Melee . | . . . . . . . . . . . . . . . . . Knockbacks . | . . . . . . . . . . . . . . . . . Impact . | . . . . . . . . . . . . . . . . . Kinetic . | . . . . . . . . . . . . . . . . . Secondary . | . . . . . . . . . . . . . . . . . Self-Inflicted Damage 280 | . . . . . 55 . . . 200 . . . . . 25 . Shots 7 | . . . . . 2 . . . 3 . . . . . 2 . Rammed 1 | . . . . . . . . . . . 1 . . . . . Targets Rammed 1 | . . . . . . . . . . . 1 . . . . . Kicked . | . . . . . . . . . . . . . . . . . Crushed . | . . . . . . . . . . . . . . . . . Highest Temperature 366 | 20 40 4 237 18 155 244 144 117 . . 89 142 166 366 4 315 Average Temperature 57 | 13 12 3 61 9 52 68 36 56 . . 39 41 84 137 3 85 Received Heat Transfer 3197 | . 174 . 576 . 20 81 693 81 . . 144 426 . 198 . 804 Effects 2 | . . . 1 . . . . . . . . . . . . 1 Interference 1 | . . . 1 . . . . . . . . . . . . . Matter Decay 1 | . . . . . . . . . . . . . . . . 1 Siege Activations . | . . . . . . . . . . . . . . . . . Martial Activations . | . . . . . . . . . . . . . . . . . Shielding Activations . | . . . . . . . . . . . . . . . . . Robots Disrupted . | . . . . . . . . . . . . . . . . . Combat Hostiles . | . . . . . . . . . . . . . . . . . Robots Corrupted . | . . . . . . . . . . . . . . . . . Combat Hostiles . | . . . . . . . . . . . . . . . . . Parts Fried . | . . . . . . . . . . . . . . . . . Impact Corruptions . | . . . . . . . . . . . . . . . . . Robots Melted 2 | . . . . . . . . . 2 . . . . . . . Combat Hostiles 2 | . . . . . . . . . 2 . . . . . . . Parts Melted 10 | . 1 . 1 . . . 6 . 2 . . . . . . . Heat Transferred 2668 | 150 225 . . . . . 1258 . 850 . . . . . . 185 Parts Sabotaged . | . . . . . . . . . . . . . . . . . Parts Stolen 4 | . . . . . . . . . . . . . . 4 . . Parts Stripped . | . . . . . . . . . . . . . . . . . Power Chain Reactions 3 | . . . . . . . . . . . . . . . 3 . Alert | -11 -10 -10 -9 -9 -9 -8 -8 -7 -7 -7 -7 -6 -6 -6 -6 -6 ------- Run | Yrd Mat Min Mat Min Exi Min Mat Fac Was Fac Sto Fac Low Low Zio Dee Maximum Alert Level 2 | . . . 1 . . . . . . 1 2 2 . . . . Low Security (%) 86 | 100 100 100 66 100 . 100 100 100 100 90 18 84 . . . . Level 1 9 | . . . 33 . . . . . . 9 38 14 . . . . Level 2 3 | . . . . . . . . . . . 43 . . . . . Level 3 . | . . . . . . . . . . . . . . . . . Level 4 . | . . . . . . . . . . . . . . . . . Level 5 . | . . . . . . . . . . . . . . . . . High Security . | . . . . . . . . . . . . . . . . . Max Security . | . . . . . . . . . . . . . . . . . Peak Influence 591 | 5 65 88 310 105 . 115 168 87 28 277 591 400 . . . . Initial 134 | . 3 18 . 105 . . . 47 14 . 118 134 . . . . Average 83 | 1 24 12 146 33 . 29 72 28 1 75 347 100 . . . . Influence Increases 5093 | 10 407 140 775 45 . 295 636 192 50 447 1116 723 . 257 . . Destroy 0b10 Robot/C 2840 | . 200 120 440 40 . 240 340 100 . 160 480 500 . 220 . . Destroy 0b10 Robot/NC 290 | 10 25 . 60 5 . 15 65 10 . 10 60 30 . . . . Destroy Leader 674 | . 58 20 128 . . 40 114 22 . 42 126 94 . 30 . . Allied During Kill 550 | . . . 28 . . . . . . 212 303 . . 7 . . Successful Hack 131 | . 34 . 27 . . . 32 . . 14 3 21 . . . . Select Force Hacks 60 | . 30 . 30 . . . . . . . . . . . . . Disable Machine 225 | . . . 45 . . . 45 60 . . 60 15 . . . . Destroy Structure 143 | . . . 2 . . . 10 . 50 9 69 3 . . . . Lose Combat Pursuer 180 | . 60 . 15 . . . 30 . . . 15 60 . . . . Influence Decreases 5093 | 5 365 187 505 315 . 295 531 255 92 186 1081 619 400 222 35 . Entered New Map 770 | . 2 29 . 165 . . . 58 28 . 143 162 148 . 35 . Time Decay 3575 | 5 363 158 405 150 . 295 491 197 46 126 428 437 252 222 . . Lost Part 118 | . . . 40 . . . 40 . 18 . . 20 . . . . Lost Ally 480 | . . . 60 . . . . . . 60 360 . . . . . Purge Threat 150 | . . . . . . . . . . . 150 . . . . . Squads Dispatched 20 | . 3 . 2 . . . . 2 . 2 5 6 . . . . Investigation 6 | . 2 . 2 . . . . 1 . 1 . . . . . . Extermination 5 | . . . . . . . . . . 1 2 2 . . . . Reinforcement 8 | . 1 . . . . . . 1 . . 2 4 . . . . Assault . | . . . . . . . . . . . . . . . . . Garrison 1 | . . . . . . . . . . . 1 . . . . . Intercept . | . . . . . . . . . . . . . . . . . Searches Triggered . | . . . . . . . . . . . . . . . . . Construction Impeded . | . . . . . . . . . . . . . . . . . Haulers Reinforced 3 | . . . . . . . . . . . 2 1 . . . . Active Scanning Responses . | . . . . . . . . . . . . . . . . . Cargo Convoy Interrupts . | . . . . . . . . . . . . . . . . . Stealth | -11 -10 -10 -9 -9 -9 -8 -8 -7 -7 -7 -7 -6 -6 -6 -6 -6 --------- Run | Yrd Mat Min Mat Min Exi Min Mat Fac Was Fac Sto Fac Low Low Zio Dee Distress Signals 13 | . . . 3 1 . . 1 . . 1 3 4 . . . . Communications Jammed . | . . . . . . . . . . . . . . . . . Distress Signals . | . . . . . . . . . . . . . . . . . Times Spotted 236 | . 26 5 34 4 17 13 32 7 6 8 15 38 . 12 9 10 Peak Tracking Total 10 | . 4 2 4 3 10 3 6 4 2 3 3 7 . 4 3 5 Tactical Retreats 10 | . 3 . 1 . 1 . 1 . . . 1 3 . . . . Traps | -11 -10 -10 -9 -9 -9 -8 -8 -7 -7 -7 -7 -6 -6 -6 -6 -6 ------- Run | Yrd Mat Min Mat Min Exi Min Mat Fac Was Fac Sto Fac Low Low Zio Dee Traps Triggered 6 | . 3 . 2 . . . . 1 . . . . . . . . Indirectly . | . . . . . . . . . . . . . . . . . Trap Hack Attempts . | . . . . . . . . . . . . . . . . . Triggered . | . . . . . . . . . . . . . . . . . Disarmed . | . . . . . . . . . . . . . . . . . Reprogrammed . | . . . . . . . . . . . . . . . . . Reused . | . . . . . . . . . . . . . . . . . Traps Extracted . | . . . . . . . . . . . . . . . . . Installed . | . . . . . . . . . . . . . . . . . Triggered . | . . . . . . . . . . . . . . . . . Machines | -11 -10 -10 -9 -9 -9 -8 -8 -7 -7 -7 -7 -6 -6 -6 -6 -6 ---------- Run | Yrd Mat Min Mat Min Exi Min Mat Fac Was Fac Sto Fac Low Low Zio Dee Machines Disabled 31 | . . . 3 . 10 . 3 4 . . 4 1 . . 4 2 Max in Single Turn 2 | . . . 1 . 2 . 1 2 . . 1 1 . . 2 1 Garrison Access 1 | . . . . . . . . 1 . . . . . . . . Machines Repaired . | . . . . . . . . . . . . . . . . . Machines Dismantled . | . . . . . . . . . . . . . . . . . Machines Sabotaged . | . . . . . . . . . . . . . . . . . Overloaded Fab Kills . | . . . . . . . . . . . . . . . . . Hacking | -11 -10 -10 -9 -9 -9 -8 -8 -7 -7 -7 -7 -6 -6 -6 -6 -6 --------- Run | Yrd Mat Min Mat Min Exi Min Mat Fac Was Fac Sto Fac Low Low Zio Dee Machines Accessed 51 | . 8 1 9 . 2 . 7 6 . 4 7 6 . 1 . . Terminals 32 | . 6 . 7 . . . 5 2 . 3 7 2 . . . . Fabricators 2 | . . . . . . . . 1 . . . 1 . . . . Repair Stations . | . . . . . . . . . . . . . . . . . Recycling Units 6 | . 2 . 1 . . . . 2 . . . 1 . . . . Scanalyzers 6 | . . . 1 . . . 2 . . 1 . 2 . . . . Garrison Access 1 | . . . . . . . . 1 . . . . . . . . Total Hacks 109 | . 22 1 26 . 2 . 17 9 . 8 13 10 . 1 . . Successful 61 | . 13 1 16 . 2 . 11 2 . 2 8 5 . 1 . . Failed 47 | . 9 . 9 . . . 6 7 . 6 5 5 . . . . Catastrophic 7 | . . . 1 . . . . 2 . 3 1 . . . . . Database Lockouts 1 | . . . 1 . . . . . . . . . . . . . Manual 55 | . 11 . 16 . 1 . 11 1 . 1 9 4 . . 1 . Terminals 75 | . 16 . 21 . . . 14 2 . 6 13 3 . . . . Fabricators 3 | . . . . . . . . 2 . . . 1 . . . . Repair Stations . | . . . . . . . . . . . . . . . . . Recycling Units 14 | . 6 . 2 . . . . 4 . . . 2 . . . . Scanalyzers 12 | . . . 3 . . . 3 . . 2 . 4 . . . . Garrison Access 1 | . . . . . . . . 1 . . . . . . . . Terminal Hacks 21 | . 5 1 5 . 2 . 3 . . 1 3 . . 1 . . Record 2 | . . . . . 1 . 1 . . . . . . . . . Robot Analysis 1 | . . . 1 . . . . . . . . . . . . . Prototype ID Bank 3 | . 1 . 1 . . . . . . . 1 . . . . . Open Door 3 | . . 1 . . . . . . . . 1 . . 1 . . Branch Access Points 1 | . . . . . . . . . . 1 . . . . . . Terminal Index 1 | . 1 . . . . . . . . . . . . . . . Unreport Threat 1 | . . . . . . . . . . . 1 . . . . . Locate Traps 1 | . 1 . . . . . . . . . . . . . . . Registered Components 2 | . 1 . 1 . . . . . . . . . . . . . Zone Layout 5 | . 1 . 2 . . . 2 . . . . . . . . . Proto ID Catalog 1 | . . . . . 1 . . . . . . . . . . . Fabricator Hacks 2 | . . . . . . . . 1 . . . 1 . . . . Network Status 2 | . . . . . . . . 1 . . . 1 . . . . Repair Station Hacks . | . . . . . . . . . . . . . . . . . Recycling Unit Hacks 4 | . 2 . 1 . . . . . . . . 1 . . . . Retrieve Components 4 | . 2 . 1 . . . . . . . . 1 . . . . Scanalyzer 7 | . . . 1 . . . 2 . . 1 . 3 . . . . Retrieve Study 7 | . . . 1 . . . 2 . . 1 . 3 . . . . Garrison Access Hacks 1 | . . . . . . . . 1 . . . . . . . . Seal Access 1 | . . . . . . . . 1 . . . . . . . . Unauthorized Hacks 26 | . 6 . 9 . . . 6 . . . 5 . . . . . Terminals 24 | . 5 . 8 . . . 6 . . . 5 . . . . . Botnet 5 | . . . 3 . . . 2 . . . . . . . . . Skim 19 | . 5 . 5 . . . 4 . . . 5 . . . . . Fabricators . | . . . . . . . . . . . . . . . . . Repair Stations . | . . . . . . . . . . . . . . . . . Recycling Units 2 | . 1 . 1 . . . . . . . . . . . . . Tunnel 2 | . 1 . 1 . . . . . . . . . . . . . Scanalyzers . | . . . . . . . . . . . . . . . . . Garrison Access . | . . . . . . . . . . . . . . . . . Data Cores Recovered 3 | . . . 2 . . . . . . 1 . . . . . . Used 2 | . . . 1 . . . . . . 1 . . . . . . Hacking Detections 36 | . 7 . 6 . . . 6 5 . 4 4 4 . . . . Full Trace Events 3 | . 1 . . . . . . 1 . 1 . . . . . . Feedback Events . | . . . . . . . . . . . . . . . . . Feedback Blocked . | . . . . . . . . . . . . . . . . . Robot Schematics Acquired 4 | . . . . . . . . . . . . . . . 4 . Robots Built . | . . . . . . . . . . . . . . . . . Authchips . | . . . . . . . . . . . . . . . . . Time . | . . . . . . . . . . . . . . . . . Total Robot Build Rating . | . . . . . . . . . . . . . . . . . Part Schematics Acquired 14 | . . . . . . . . . . . . . . . 14 . Parts Built . | . . . . . . . . . . . . . . . . . Authchips . | . . . . . . . . . . . . . . . . . Time . | . . . . . . . . . . . . . . . . . Total Part Build Rating . | . . . . . . . . . . . . . . . . . Part Studies Acquired 5 | . . . 1 . . . 1 . . 1 . 2 . . . . Parts Repaired . | . . . . . . . . . . . . . . . . . Time . | . . . . . . . . . . . . . . . . . Parts Recycled . | . . . . . . . . . . . . . . . . . Recycled Matter . | . . . . . . . . . . . . . . . . . Retrieved Matter . | . . . . . . . . . . . . . . . . . Retrieved Components 22 | . 13 . 9 . . . . . . . . . . . . . Parts Scanalyzed . | . . . . . . . . . . . . . . . . . Part Schematics Acquired . | . . . . . . . . . . . . . . . . . Parts Damaged . | . . . . . . . . . . . . . . . . . Bothacking | -11 -10 -10 -9 -9 -9 -8 -8 -7 -7 -7 -7 -6 -6 -6 -6 -6 ------------ Run | Yrd Mat Min Mat Min Exi Min Mat Fac Was Fac Sto Fac Low Low Zio Dee Used RIF Installer . | . . . . . . . . . . . . . . . . . Robots Hacked . | . . . . . . . . . . . . . . . . . Non-combat . | . . . . . . . . . . . . . . . . . Combat . | . . . . . . . . . . . . . . . . . Robot Hacks Applied . | . . . . . . . . . . . . . . . . . Relay Couplers Released 3 | . . . . . . . . . . . 3 . . . . . Programmers 3 | . . . . . . . . . . . 3 . . . . . Fabnet Peak Effective % . | . . . . . . . . . . . . . . . . . Robots Rewired . | . . . . . . . . . . . . . . . . . Allies Hacked . | . . . . . . . . . . . . . . . . . Hacks Repelled . | . . . . . . . . . . . . . . . . . Allies | -11 -10 -10 -9 -9 -9 -8 -8 -7 -7 -7 -7 -6 -6 -6 -6 -6 -------- Run | Yrd Mat Min Mat Min Exi Min Mat Fac Was Fac Sto Fac Low Low Zio Dee Total Allies 24 | . . 3 . . . . . . 19 . . . . . 2 . Largest Group 18 | . . 3 3 . . . . . 18 18 15 . . . 2 . Highest-Rated Group 434 | . . 40 40 . . . . . 434 434 392 . . . 192 . Highest-Rated Ally 138 | . . 16 16 . . . . . 138 35 35 . . . 96 . Total Orders 8 | . . . . . 1 . . . . . 7 . . . . . EXPLORE 6 | . . . . . . . . . . . 6 . . . . . RETURN 2 | . . . . . 1 . . . . . 1 . . . . . Ally Attacks 392 | . . . 35 . 104 . . . 4 65 110 . . 12 49 13 Total Damage 6640 | . . . 305 . 628 . . . 171 738 2810 . . 562 1341 85 Kills 64 | . . . 5 . 1 . . . . 9 28 . . 3 17 1 Allies Corrupted . | . . . . . . . . . . . . . . . . . Allies Melted . | . . . . . . . . . . . . . . . . . Turrets Deployed 1 | . . . . . . . . . . . . . . 1 . . Field Lobotomies 1 | . . . . . . . . . 1 . . . . . . . Intel | -11 -10 -10 -9 -9 -9 -8 -8 -7 -7 -7 -7 -6 -6 -6 -6 -6 ------- Run | Yrd Mat Min Mat Min Exi Min Mat Fac Was Fac Sto Fac Low Low Zio Dee Active Infowar (turns) 6420 | 5 1192 1092 1287 512 1140 . . . . . . 3 587 602 . . Sensors 1192 | . . . . . . . . . . . . 3 587 602 . . Seismic 5228 | 5 1192 1092 1287 512 1140 . . . . . . . . . . . Robot Analysis Total 1 | . . . 1 . . . . . . . . . . . . . Derelict Logs Recovered 5 | . . 1 . 1 . . . . . . . . . 1 2 . Drone Launches 46 | . . . . . 12 . . . . . 30 . . . . 4 Drone Recoveries 30 | . . . . . 12 . . . . . 15 . . . . 3 Exploration | -11 -10 -10 -9 -9 -9 -8 -8 -7 -7 -7 -7 -6 -6 -6 -6 -6 ------------- Run | Yrd Mat Min Mat Min Exi Min Mat Fac Was Fac Sto Fac Low Low Zio Dee Turns Passed 21009 | 98 1192 1094 1287 512 2246 1342 1932 574 861 538 1056 1650 587 963 3487 1590 Spaces Moved 9477 | 49 621 615 576 254 906 515 752 256 402 320 322 861 355 509 1402 762 Core 16 | 16 . . . . . . . . . . . . . . . . Treads 8848 | 33 621 615 576 254 906 515 605 256 402 320 322 861 355 509 1402 296 Legs 613 | . . . . . . . 147 . . . . . . . . 466 Wheels . | . . . . . . . . . . . . . . . . . Hover . | . . . . . . . . . . . . . . . . . Flight . | . . . . . . . . . . . . . . . . . Fastest Speed 50 | 50 160 160 160 160 160 240 190 200 160 160 160 160 160 160 160 115 Average Speed 176 | 124 160 160 175 189 210 240 200 200 162 160 160 160 160 160 160 181 Slowest Speed 240 | 160 160 160 200 200 240 240 240 200 213 160 160 200 160 160 160 200 Overloaded Moves . | . . . . . . . . . . . . . . . . . Propulsion Burnouts . | . . . . . . . . . . . . . . . . . Robots Hopped . | . . . . . . . . . . . . . . . . . Potential Cave-ins . | . . . . . . . . . . . . . . . . . Cave-ins Triggered . | . . . . . . . . . . . . . . . . . Exploration Rate (%) 63 | 4 96 96 59 70 91 97 49 8 97 12 93 25 68 62 85 69 Regions Visited 16 Branch Regions 9 Pre-discovered Areas 11 | . 1 . 4 1 1 . . . . . 2 . . 1 1 . Known Exits Taken 10 | . 1 1 1 . . 1 . . . 1 1 1 1 1 1 . Unknown Exits Taken 4 | 1 . . . 1 1 . 1 . . . . . . . . . Scrap Searched 11 | . . 1 . 1 . 1 . . . . . . 2 4 2 . Spaces Dug 6 | . . . . . . . . . 6 . . . . . . . Terrain Destroyed 188 | . . . . . 18 . 7 . 83 1 . . 1 . 4 74 Melee . | . . . . . . . . . . . . . . . . . Projectile 36 | . . . . . . . 7 . 19 1 . . 1 . . 8 AOE 150 | . . . . . 17 . . . 64 . . . . . 4 65 Terrain Rammed . | . . . . . . . . . . . . . . . . . Walls Destroyed . | . . . . . . . . . . . . . . . . . Machines Disabled . | . . . . . . . . . . . . . . . . . Actions | -11 -10 -10 -9 -9 -9 -8 -8 -7 -7 -7 -7 -6 -6 -6 -6 -6 --------- Run | Yrd Mat Min Mat Min Exi Min Mat Fac Was Fac Sto Fac Low Low Zio Dee Total 12881 | 71 726 704 719 274 1164 572 1026 293 540 344 846 1071 370 633 2626 902 Wait 2291 | . 30 70 23 . 107 36 131 1 42 16 482 86 . 87 1163 17 Move 9462 | 48 620 614 575 253 905 514 751 256 401 319 321 860 354 508 1401 762 Hop . | . . . . . . . . . . . . . . . . . Pick Up 161 | 8 14 4 17 4 27 . 11 5 16 2 2 8 4 4 14 21 Fast Attach 18 | 1 . . . . 1 . 11 . 1 1 1 . . . . 2 Attach 82 | 6 5 1 7 1 5 . 7 5 10 . 1 6 2 2 4 20 Detach 10 | . . . . 2 1 . 2 . 2 . . . . . 1 2 Swap 93 | . 3 3 11 4 17 . 8 5 10 . 3 4 2 . 15 8 Drop 116 | . 2 1 11 5 22 . 18 3 16 2 6 4 3 3 11 9 Fire 637 | 8 52 11 75 5 79 22 87 18 42 2 22 103 5 29 16 61 Melee 1 | . . . . . . . . . . . . . . . 1 . Ram . | . . . . . . . . . . . . . . . . . Kick . | . . . . . . . . . . . . . . . . . Crush 1 | . . . . . . . . . . . 1 . . . . . Escape Stasis 2 | . . . . . . . . . . 2 . . . . . . Rewire . | . . . . . . . . . . . . . . . . . Trap . | . . . . . . . . . . . . . . . . . Miscellaneous 7 | . . . . . . . . . . . 7 . . . . . Route ------- -11/Scrapyard -10/Materials (discovered 5 exits: *Mat x3 / *Min / *Sub) -10/Mines (discovered 2 exits: *Mat x2) -9/Materials (discovered 5 exits: *Mat x3 / *Min x2) -9/Mines (discovered 3 exits: *Mat x2 / *Exi) -9/Exiles -8/Mines (discovered 2 exits: *Mat x2) -8/Materials -7/Factory -7/Waste -7/Factory (discovered 4 exits: *Sto x2 / Low x2) -7/Storage (discovered 2 exits: *Fac / Rec) -6/Factory -6/Lower Caves -6/Lower Caves (discovered 2 exits: [*Fac] / *Zio) -6/Zion (discovered 2 exits: *Dee / [*Pro]) -6/Deep Caves (discovered 1 exit: [*Pro]) History --------- Turn | Location | Event 19 | -11/Scrapyard | Discovered new exit (range 15) 99 | -11/Scrapyard | Entered Materials 305 | -10/Materials | Build established: Mutant 359 | -10/Materials | Discovered new exit (range 9) 423 | -10/Materials | Discovered new exit (range 16) 578 | -10/Materials | Discovered new exit (range 14) 799 | -10/Materials | Discovered new exit (range 7) 913 | -10/Materials | Learned Storage trap positions 946 | -10/Materials | Learned 4 Recycling zone layouts 971 | -10/Materials | Loaded intel: 35 machine locations 985 | -10/Materials | Learned 2 Storage zone layouts 991 | -10/Materials | Identified exit to Mines 991 | -10/Materials | Identified exit to Subcaves 991 | -10/Materials | Identified exit to Materials 1036 | -10/Materials | Learned 4 Materials zone layouts 1291 | -10/Materials | Entered Mines 1306 | -10/Mines | Met a Derelict bent on vengeance 1400 | -10/Mines | A weapon hastily lodged in a ceiling crevice suddenly fell to the ground 1638 | -10/Mines | Found a hidden stash of uninstalled traps 1855 | -10/Mines | Assisted by bots powering up and referring to "LRC-V3" 1912 | -10/Mines | Found the Drone Emporium 1919 | -10/Mines | Found Prototype Device 1920 | -10/Mines | Identified Thief Drone Bay 2385 | -10/Mines | Entered Materials 2385 | -9/Materials | Accompanied by 3 allies 2385 | -9/Materials | Evolved 2 slots: Utility x1, Weapon x1 2386 | -9/Materials | Identified exit to Materials 2386 | -9/Materials | Identified exit to Mines 2814 | -9/Materials | Lost 3 allies 2884 | -9/Materials | Central database locked down 2977 | -9/Materials | Build established: Scavenger-Tank 3300 | -9/Materials | Discovered exit to Materials (range 5) 3400 | -9/Materials | Learned Storage stockpile data 3430 | -9/Materials | Build established: Tank 3464 | -9/Materials | Learned Storage emergency access door positions 3519 | -9/Materials | Learned location of 1 exit from Storage 3627 | -9/Materials | Learned location of Storage (-7) 3672 | -9/Materials | Entered Mines 3688 | -9/Mines | Discovered exit to Materials (range 13) 3780 | -9/Mines | Discovered exit to Materials (range 7) 3821 | -9/Mines | Learned location of Zion (-6) 3987 | -9/Mines | Assembled infested the area 4041 | -9/Mines | Met 8R-AWN 4166 | -9/Mines | Discovered new exit (range 5) 4184 | -9/Mines | Entered Exiles 4224 | -9/Exiles | Welcomed by 8R-AWN 4256 | -9/Exiles | Met EX-HEX 4330 | -9/Exiles | Met EX-DEC 4418 | -9/Exiles | Discovered new exit (range 10) 4485 | -9/Exiles | Build established: Mutant 4496 | -9/Exiles | Met EX-BIN 4600 | -9/Exiles | Aligned with FarCom system 4602 | -9/Exiles | Given EX-Vault access code 4639 | -9/Exiles | Opened EX-Vault 4650 | -9/Exiles | Found YOLO Cannon 4653 | -9/Exiles | Found Field Lobotomy Kit 4659 | -9/Exiles | Found Superbattery 4713 | -9/Exiles | Warned to stay clear of 0b10 Research branches 4816 | -9/Exiles | Learned about 8R-AWN's background 5275 | -9/Exiles | Attacked by the Exiles 5466 | -9/Exiles | Allies destroyed 8R-AWN 5508 | -9/Exiles | Found 8R-AWN's Boregun 5568 | -9/Exiles | Build established: Tank 5904 | -9/Exiles | Destroyed EX-HEX 5929 | -9/Exiles | Destroyed EX-BIN 5962 | -9/Exiles | Destroyed EX-DEC 6087 | -9/Exiles | Found Deploy-a-Sentry 6132 | -9/Exiles | Found Prototype Device 6430 | -9/Exiles | Stole four prototypes: Superbattery, YOLO Cannon, Field Lobotomy Kit, Deploy-a-Sentry 6430 | -9/Exiles | Entered Mines 6468 | -8/Mines | Build established: Scavenger-Tank 7008 | -8/Mines | Discovered exit to Materials (range 8) 7500 | -8/Mines | Discovered exit to Materials (range 10) 7772 | -8/Mines | Entered Materials 7772 | -8/Materials | Evolved 2 slots: Propulsion x1, Utility x1 8206 | -8/Materials | Lost 4 parts (1u3w) 8446 | -8/Materials | Discovered new exit (range 9) 9704 | -8/Materials | Entered Factory 9704 | -7/Factory | Evolved 2 slots: Propulsion x1, Utility x1 9706 | -7/Factory | Identified System Purifier 9709 | -7/Factory | Found AS-neutralizer No. 17b 10278 | -7/Factory | Sucked down chute 10278 | -7/Factory | Entered Waste 10321 | -7/Waste | Spotted C-40 Crusher 10329 | -7/Waste | Destroyed C-40 Crusher 10354 | -7/Waste | Spotted C-40 Crusher 10355 | -7/Waste | Spotted C-40 Crusher 10362 | -7/Waste | Destroyed C-40 Crusher 10378 | -7/Waste | YOLO Cannon suddenly exploded 10383 | -7/Waste | Assimilated C-40 Crusher with FLK Orb 10384 | -7/Waste | Core integrity fell below 50% 10384 | -7/Waste | Spotted C-40 Crusher 10407 | -7/Waste | Destroyed C-40 Crusher 10409 | -7/Waste | Lost 5 parts (1p2u2w) 10430 | -7/Waste | Spotted C-40 Crusher 10454 | -7/Waste | Destroyed C-40 Crusher 10498 | -7/Waste | Spotted C-40 Crusher 10540 | -7/Waste | Destroyed C-40 Crusher 10825 | -7/Waste | Discovered new exit (range 15) 10923 | -7/Waste | Warlord forces began an assault 11139 | -7/Waste | Entered Factory 11139 | -7/Factory | Accompanied by 18 allies 11448 | -7/Factory | Identified exit to Storage 11448 | -7/Factory | Identified exit to Lower Caves 11677 | -7/Factory | Entered Storage 11677 | -7/Storage | Accompanied by 15 allies 11678 | -7/Storage | Identified exit to Recycling 11679 | -7/Storage | Identified exit to Factory 11681 | -7/Storage | Loaded intel: 13 trap records 11826 | -7/Storage | Lost 4 allies 11869 | -7/Storage | Garrison activated, responded to threat 11993 | -7/Storage | Lost 4 allies 12095 | -7/Storage | P-70 Sage assimilated allied D3-PWQ(g) 12152 | -7/Storage | Lost 3 allies 12247 | -7/Storage | Learned location of Cetus (-4) 12312 | -7/Storage | Learned Factory scanalyzer intel 12336 | -7/Storage | Build established: Tank 12367 | -7/Storage | Learned location of 1 exit from Upper Caves 12449 | -7/Storage | Learned location of Warlord (-5) 12475 | -7/Storage | Learned Factory trap positions 12489 | -7/Storage | Learned 4 Factory zone layouts 12515 | -7/Storage | Learned 2 Extension zone layouts 12551 | -7/Storage | Learned Factory trap positions 12599 | -7/Storage | Learned 4 Factory zone layouts 12658 | -7/Storage | Learned Extension stockpile data 12733 | -7/Storage | Entered Factory 12733 | -6/Factory | Evolved 2 slots: Power x1, Utility x1 12735 | -6/Factory | Loaded intel: 95 trap records 12736 | -6/Factory | Loaded intel: 4 scanalyzer locations 13021 | -6/Factory | Build established: Scavenger-Tank 14355 | -6/Factory | Discovered new exit (range 9) 14380 | -6/Factory | Identified exit to Lower Caves 14383 | -6/Factory | Entered Lower Caves 14653 | -6/Lower Caves | Encountered a Warlord checkpoint 14677 | -6/Lower Caves | Build established: Scavenger-Skirmisher 14884 | -6/Lower Caves | Found DCF Scrap (14 items) 14952 | -6/Lower Caves | Discovered new exit (range 10) 14966 | -6/Lower Caves | Identified exit to Lower Caves 14970 | -6/Lower Caves | Entered another Lower Caves area 15015 | -6/Lower Caves | Discovered new exit (range 12) 15232 | -6/Lower Caves | Build established: Scavenger-Tank 15557 | -6/Lower Caves | Spotted 4C-4KD(f) 15557 | -6/Lower Caves | Spotted C5-X90(f) 15557 | -6/Lower Caves | Spotted QE-AHD(f) 15558 | -6/Lower Caves | Spotted 31-EFW(f) 15559 | -6/Lower Caves | Encountered a Master Thief 15559 | -6/Lower Caves | Encountered a Master Thief 15559 | -6/Lower Caves | Encountered a Master Thief 15559 | -6/Lower Caves | Encountered a Master Thief 15564 | -6/Lower Caves | DAS Turret deployed 15564 | -6/Lower Caves | Field Lobotomy Kit stolen by Master Thief 15569 | -6/Lower Caves | Superbattery stolen by Master Thief 15569 | -6/Lower Caves | Adv. Weapon Cycler stolen by Master Thief 15572 | -6/Lower Caves | Imp. Sensor Array stolen by Master Thief 15582 | -6/Lower Caves | Found 8R-AWN's Boregun 15612 | -6/Lower Caves | Discovered new exit (range 10) 15625 | -6/Lower Caves | Identified exit to Zion 15933 | -6/Lower Caves | Entered Zion 15979 | -6/Zion | Given A8's code to call for help 16046 | -6/Zion | Found CR-A16's Pointy Stick 16058 | -6/Zion | Discovered new exit (range 12) 16110 | -6/Zion | Found Prototype Device 16334 | -6/Zion | Found Prototype Special Weapon 16337 | -6/Zion | Found Prototype Special Weapon 16339 | -6/Zion | Found Prototype Special Weapon 16342 | -6/Zion | Identified Phasing AFG 16346 | -6/Zion | Found Prototype Special Weapon 16590 | -6/Zion | Identified RU-N14's Throwing Claymores (x4) 16595 | -6/Zion | Found Prototype Launcher 16808 | -6/Zion | Given the Hacking Drone Bay 16808 | -6/Zion | Found Prototype Device 16817 | -6/Zion | Identified Hacking Drone Bay 16878 | -6/Zion | Build established: Tank 16982 | -6/Zion | Learned Factory terminal intel 17190 | -6/Zion | Met Imprinter 17556 | -6/Zion | Enhanced Grunt warped into view, answering call for help 17561 | -6/Zion | Enhanced Grunt warped into view, answering call for help 17625 | -6/Zion | Identified Rocket Array 18021 | -6/Zion | Attacked by Zionites 18104 | -6/Zion | Discovered new exit (range 3) 18104 | -6/Zion | Saw the warning signs outside the Deep Caves entrance 18106 | -6/Zion | Identified exit to Deep Caves 19420 | -6/Zion | Entered Deep Caves 19766 | -6/Deep Caves | Attacked by Z-Imprinter 19770 | -6/Deep Caves | Destroyed Z-Imprinter 19821 | -6/Deep Caves | Found Prototype Protection 19822 | -6/Deep Caves | Identified Zio. Weapon Casing 19955 | -6/Deep Caves | Z-Facility disabled 19997 | -6/Deep Caves | Core integrity fell below 50% 20028 | -6/Deep Caves | Lost 9 parts (2p2n4u1w) 20038 | -6/Deep Caves | Found Zio. Weapon Casing 20127 | -6/Deep Caves | Found Zio. Weapon Casing 20523 | -6/Deep Caves | Found Surveybot 24 Chip 20526 | -6/Deep Caves | Found Surveybot 24 Scanner 20675 | -6/Deep Caves | Discovered new exit (range 6) 20947 | -6/Deep Caves | Spotted AG-01265 20996 | -6/Deep Caves | Core integrity fell below 20% 21010 | -6/Deep Caves | Destroyed by AG-01265 with Assembled Focal Cannon Last Messages --------------- 20990_ 6B-KJK(s) destroyed. 20991_ Phase Shifter destroyed. 20992_ HV Slug penetrates AG-01265. 20992_ AG-01265 suffers critical hit (Destroy). 20992_ Destroyed Prototype Energy Cannon. 20993_ AG-01265 GOLEM Unit beginning Prototype Energy Cannon integration. 20994_ HV Slug penetrates Wall. 20996_ HV Slug penetrates AG-01265. 20998_ HV Slug penetrates Wall. 21000_ HV Slug penetrates AG-01265. 21001_ Zio. Weapon Casing destroyed. 21002_ HV Slug penetrates AG-01265. 21004_ HV Slug penetrates Wall. 21004_ Adv. Myomer Leg destroyed. 21004_ Zio. Phaser-S destroyed. 21005_ Wall collapses. 21006_ HV Slug penetrates AG-01265. 21006_ Destroyed Prototype Device. 21008_ HV Slug penetrates AG-01265. Map ----- +----------------------------------------------------+ | ????????????????????????????????????# | | ????????????????????????????????????## ### | | ?????????????????????????????????????# # % | | ????????????????????????????????????## # ### = | | ???????????????????????????????????## ## * | | ????????????????????????? ??????## ###### | | ?????????????????????? ??????# #?### | | ???????????????????? ?????## ### | | ?????????????????? === #???## | | ???????????????= #??## | | ????????????? #??# ## | | ??????????? = #??# ## ### | | ??????????? ! ! = ##?# ######?? | | ?????????? ! [ #?## #####??? | | ?????????? ! h #??## ##?? | | ????????? ! #???## ### | | ????????? h ! M ####### | | ????????? s ! | | ????????""" | | ????????" ! =%* | | ?????????" ### | | ????????" ## ######## | | ?????????" "### ##???????# | | ????????" ;G# ##?####?????????# | | ????????" ###" #; ;# ##????????????????# | | ????????""" ??????## ?#@;###??????????????????## | | ???????????????????#??# ##?????????????????????? | | ???????????????????????#???????????????????????? | | | | | | | | | | | | | | | | | | | | | | | | | | | | | | | | | | | | | | | | | | | | | +----------------------------------------------------+ Best States ------------- Heat Dissipation 82 Coolant Potential 65 Energy Generation 49 Energy Capacity 525 Matter Stores 300 Matter Capacity 300 Sight Range 16 Robot Scan Range 15 Terrain Scan Density 10 Armor Coverage 625 Weapon Shielding 100 Weapon Cycling 25 Phase Shifting 5 Evasion (%) 60 Core Analysis 6 Recoil Reduction 4 Particle Charging 15 Salvage Targeting 2 Offensive Hacking 10 Defensive Hacking 10 Item Schematics ----------------- Neutrino Core | -6/Zion | Archive Plasma Rifle | -6/Zion | Archive Imp. Trap Scanner | -6/Zion | Archive Adv. Cooling System | -6/Zion | Archive Hyp. Mass Driver | -6/Zion | Archive Imp. Proton Missile Launcher | -6/Zion | Archive Remote Force Field | -6/Zion | Archive Thermal Shield | -6/Zion | Archive Lrn. Proton Cannon | -6/Zion | Archive EM Shield | -6/Zion | Archive Lrn. Tractor Beam | -6/Zion | Archive Imp. Hacking Suite | -6/Zion | Archive Point Defense System | -6/Zion | Archive Enh. Optical Array | -6/Zion | Archive Robot Schematics ------------------ R-06 Scavenger | -6/Zion | Archive S-27 Virus | -6/Zion | Archive B-48 Gladiator | -6/Zion | Archive Y-72 Warden | -6/Zion | Archive Fabricated ------------ Nothing Repaired ---------- Nothing Studied --------- Lgt. Treads | -9/Materials | Hacked Gauss Rifle | -8/Materials | Hacked Hvy. Treads | -7/Factory | Hacked Antimatter Reactor | -6/Factory | Hacked Remote Datajack | -6/Factory | Hacked Alien Tech Used ----------------- None Achievements -------------- Consequences Sixth Sense Who Guards The Bodyguard? YOLO Challenges ------------ None Game ------ Seed VampiricRingKit Manual? 0 Play Time 01:58:05 Cumulative 411.4 hours Start 2025.10.22 @ 16:04:16 End 2025.10.22 @ 18:45:19 Sessions 3 Manual Loads 0 Difficulty Rogue Special Mode None Game No. 530 Rogue 530 Adventurer 0 Explorer 0 Win Type - Total 12 Types 6/0/1/2/1/0/2/0/0/0 Lore% 88 Gallery% 83 Achievement% 46 Wizard Run 0 Options --------- Layout 1 ASCII 0 Keyboard 0 Movement Mouse Keybinds 0 Fullscreen 1 Font 24/Proggy Map View 50x40 Zoom Use 0% Tactical HUD 1 Map Filters NONE Filters NONE Steam 1 RUN: d4ad4860-2b2c-4527-9ef6-5e08743c9d6c